 Dungeon Crawl Stone Soup version 0.25-a0-513-ge77a69270c (webtiles) character file.

Game seed: 3148753039886156286, levelgen mode: deterministic

9387 Defined the Fighter (level 11, -17/104 HPs)
             Began as a Minotaur Summoner on Feb 16, 2020.
             Was a Believer of the Shining One.
             Killed from afar by a deep elf mage (25 damage)
             ... with a bolt of lightning
             ... on level 13 of the Dungeon.
             The game lasted 00:30:34 (10502 turns).

Defined the Fighter (Minotaur Summoner)            Turns: 10502, Time: 00:30:35

Health: -17/104    AC: 18    Str: 16    XL:     11   Next: 22%
Magic:  12/12      EV:  4    Int: 12    God:    the Shining One [**....]
Gold:   442        SH: 15    Dex: 11    Spells: 11/12 levels left

rFire    . . .     SeeInvis +   K - +0 war axe (curse)
rCold    . . .     Gourm    .   v - +0 tower shield
rNeg     + . .     Faith    .   f - +0 plate armour
rPois    .         Spirit   .   e - +2 hat
rElec    .         Reflect  .   b - +0 cloak
rCorr    .         Harm     +   F - +0 pair of gloves
MR       .....                  (no boots)
Stlth    ..........             m - amulet of harm
HPRegen  0.27/turn              i - +1 ring of evasion
MPRegen  0.13/turn              g - ring of see invisible

@: very slightly contaminated, glowing
A: retaliatory headbutt, horns 2
a: Divine Shield, Renounce Religion


You were on level 13 of the Dungeon.
You worshipped the Shining One.
The Shining One was pleased with you.
You were hungry.

You visited 2 branches of the dungeon, and saw 12 of its levels.

You collected 665 gold pieces.
You spent 223 gold pieces at shops.

Inventory:

Hand Weapons
 K - a cursed +0 war axe (weapon)
Missiles
 y - 59 poisoned darts (quivered)
 C - 11 boomerangs
Armour
 b - a +0 cloak (worn)
 e - a +2 hat (worn)
 f - a +0 plate armour (worn)
 v - a +0 tower shield (worn)
 F - a +0 pair of gloves (worn)
Jewellery
 g - a ring of see invisible (right hand)
 i - a +1 ring of evasion (left hand)
 m - an amulet of harm (around neck)
Wands
 J - a wand of digging (6)
Scrolls
 a - a scroll of summoning
 h - 4 scrolls of fog
 o - 6 scrolls of teleportation
 r - 2 scrolls of blinking
 t - 4 scrolls of amnesia
 u - 7 scrolls of remove curse
 w - a scroll of magic mapping
 D - 4 scrolls of immolation
 E - 2 scrolls of fear
 H - a scroll of silence
Potions
 d - 3 potions of brilliance
 k - 2 potions of lignification
 n - 2 potions of haste
 p - 2 potions of invisibility
 q - 4 potions of flight
 s - a potion of curing
 z - 2 potions of might
 B - 2 potions of agility
 I - a potion of mutation {unknown}
Comestibles
 c - 22 rations
 l - 2 chunks of flesh


   Skills:
 * Level 12.0 Fighting
 * Level 11.8 Axes
 + Level 8.5 Armour
 - Level 2.2 Dodging
 - Level 1.5 Stealth
 + Level 8.3 Shields
 - Level 1.4 Spellcasting
 - Level 3.1 Summonings


You had 11 spell levels left.
You knew the following spells:

 Your Spells              Type           Power        Failure   Level  Hunger
a - Summon Small Mammal   Summ           #...         100%        1    ##.....

Your spell library contained the following spells:

 Spells                   Type           Power        Failure   Level  Hunger
 Animate Skeleton         Necr           N/A          100%        1    ##.....
 Apportation              Tloc           #.....       100%        1    ##.....
 Corona                   Hex            #......      100%        1    ##.....
 Magic Dart               Conj           #...         100%        1    ##.....
 Blink                    Tloc           N/A          100%        2    ###....
 Call Imp                 Summ           #.......     100%        2    ###....
 Slow                     Hex            #.......     100%        2    ###....
 Call Canine Familiar     Summ           #.......     100%        3    ####...
 Conjure Flame            Conj/Fire      #.......     100%        3    ####...
 Mephitic Cloud           Conj/Pois/Air  #.......     100%        3    ####...
 Summon Guardian Golem    Hex/Summ       #.......     100%        3    ####...
 Summon Ice Beast         Ice/Summ       #.......     100%        4    #####..
 Summon Lightning Spire   Summ/Air       #.......     100%        4    #####..


Dungeon Overview and Level Annotations

Branches:
Dungeon (10/15)            Temple (1/1) D:6            Lair (0/6) D:9
    Orc: D:9-12

Altars:
Ashenzari
Cheibriados
Dithmenos
Elyvilon
Fedhas
Gozag
Hepliaklqana
Kikubaaqudgha
Makhleb
Nemelex Xobeh
Okawaru
Qazlal
Ru
Sif Muna
Trog
Uskayaw
Vehumet
Wu Jian
Xom
Yredelemnul
Zin
The Shining One

Shops:
D:4 !!*   D:5 %

Annotations:
D:3 1 runed translucent door, Stick's ghost, amateur TrFi
D:4 3 runed translucent doors, Wiebster667's ghost, amateur GnMo
D:6 3 runed translucent doors, mopl's ghost, novice DsSk
D:10 exclusion: electric eel


Innate Abilities, Weirdness & Mutations

You reflexively headbutt those who attack you in melee.
You have a pair of horns on your head.


Message History

You hit the deep elf mage but do no damage.
The deep elf mage is lightly wounded.
The deep elf mage casts a spell at you. The bolt of lightning hits you!
* * * LOW HITPOINT WARNING * * *
You barely miss the deep elf mage.
The deep elf mage is lightly wounded.
You block the deep elf mage's attack.
You slash the deep elf mage!
You headbutt the deep elf mage, but do no damage.
The deep elf mage is moderately wounded.
The deep elf mage barely misses you. You furiously retaliate!
You headbutt the deep elf mage, but do no damage.
The deep elf mage hits you but does no damage.
You hit the deep elf mage but do no damage.
Your headbutt misses the deep elf mage.
The deep elf mage is moderately wounded.
The deep elf mage casts a spell at you. The bolt of lightning hits you!!
You die...

####################
#...))†..p.@.......# #######
#..(######e........###.....#
#.....................'.......'
#.##'pp########.......###.....#
# #...o. #.......# ####.##
#..... #.####+## #.PP #..⌠..
#.# #.#


#PPP #(....' #.# #.# #PP_ #.# #.# #PPP You could see a deep elf mage and a
human.

Vanquished Creatures
  2 two-headed ogres
  A necromancer (D:13)
  A centaur zombie (D:13)
  A komodo dragon (D:10)
  2 trolls
  A hippogriff (D:8)
  A wraith (D:9)
  4 hogs (D:7)
  A wyvern (D:10)
  4 humans
  2 vampire mosquitoes (D:13)
  A hungry ghost (D:13)
  4 ice beasts
  A porcupine (D:9)
  Duvessa (D:7)
  4 orc warriors
  A sky beast (D:7)
  A black bear (D:9)
  A phantom (D:6)
  An eye of draining (D:13)
  6 ogres
  4 centaurs
  2 crocodiles
  3 bullfrogs
  A gnoll sergeant (D:9)
  Dowan (D:7)
  A wyvern skeleton (D:13)
  3 scorpions
  18 killer bees
  2 wights
  A howler monkey (D:6)
  2 crimson imps
  A bullfrog zombie (D:9)
  A jelly (D:4)
  5 orc priests
  5 hounds
  A quasit (D:13)
  4 orc wizards
  5 iguanas
  2 worker ants
  2 killer bee zombies
  2 hound zombies (D:10)
  10 adders
  4 gnolls (D:9)
  2 shadow imps (D:6)
  An ooze (D:9)
  An adder skeleton (D:9)
  An adder zombie (D:6)
  6 worms
  3 dart slugs (D:1)
  8 leopard geckos
  20 orcs
  2 ball pythons (D:4)
  8 giant cockroaches
  10 goblins
  7 hobgoblins
  11 jackals
  3 quokkas
  A ball python skeleton (D:4)
  11 bats
  7 frilled lizards
  8 kobolds
  A quokka zombie (D:9)
  2 rats
  2 fungi (D:9)
236 creatures vanquished.

Vanquished Creatures (others)
  An adder skeleton (D:5)
  A fungus (D:9)
2 creatures vanquished.

Grand Total: 238 creatures vanquished

Notes
Turn   | Place    | Note
-------+----------+-------------------------------------------
     0 | D:1      | Defined the Minotaur Summoner began the quest for the Orb.
     0 | D:1      | Reached XP level 1. HP: 14/14 MP: 1/1
   476 | D:1      | Reached skill level 1 in Fighting
   478 | D:1      | Reached XP level 2. HP: 21/23 MP: 3/3
   519 | D:1      | Reached skill level 1 in Armour
   645 | D:1      | Reached skill level 2 in Fighting
   800 | D:1      | Reached XP level 3. HP: 29/29 MP: 4/4
  1273 | D:2      | Found a stormy altar of Qazlal.
  1354 | D:2      | Reached skill level 1 in Axes
  1542 | D:2      | Reached XP level 4. HP: 27/37 MP: 5/5
  1721 | D:2      | Reached skill level 1 in Shields
  1752 | D:2      | Noticed an ogre
  1759 | D:2      | Killed an ogre
  1759 | D:2      | Reached skill level 3 in Fighting
  1759 | D:2      | Reached XP level 5. HP: 3/45 MP: 6/6
  2623 | D:3      | Found a runed translucent door.
  2646 | D:3      | Noticed Stick's ghost (amateur TrFi)
  3038 | D:4      | Reached skill level 4 in Fighting
  3051 | D:4      | Found Cyagapnemp's General Store.
  3061 | D:4      | Bought a scroll of identify for 20 gold pieces
  3061 | D:4      | Bought a scroll of teleportation for 30 gold pieces
  3061 | D:4      | Bought a scroll of fear for 35 gold pieces
  3075 | D:4      | Found Cohumopp's Distillery.
  3077 | D:4      | Noticed an ogre
  3085 | D:4      | Killed an ogre
  3085 | D:4      | Reached XP level 6. HP: 26/53 MP: 7/7
  3092 | D:4      | Bought a potion of brilliance for 48 gold pieces
  3092 | D:4      | Bought a potion of flight for 36 gold pieces
  3092 | D:4      | Bought a potion of degeneration for 12 gold pieces
  3283 | D:4      | Found Honim's Distillery.
  3298 | D:4      | Bought a potion of curing for 42 gold pieces
  3370 | D:4      | Found a runed translucent gate.
  3370 | D:4      | Found a runed translucent gate.
  3370 | D:4      | Found a runed translucent gate.
  3371 | D:4      | Noticed Wiebster667's ghost (amateur GnMo)
  3469 | D:5      | Entered Level 5 of the Dungeon
  3513 | D:5      | Noticed an ice beast
  3519 | D:5      | Killed an ice beast
  3519 | D:5      | Reached skill level 5 in Fighting
  3519 | D:5      | Reached XP level 7. HP: 8/61 MP: 8/8
  3848 | D:5      | Found a sparkling altar of Nemelex Xobeh.
  3870 | D:5      | Found Peteu's Food Boutique.
  4225 | D:6      | Reached skill level 5 in Axes
  4447 | D:6      | Found a shadowy altar of Dithmenos.
  4507 | D:6      | Found a staircase to the Ecumenical Temple.
  4577 | Temple   | Entered the Ecumenical Temple
  4822 | D:6      | Found a runed translucent gate.
  4822 | D:6      | Found a runed translucent gate.
  4822 | D:6      | Found a runed translucent gate.
  4823 | D:6      | Noticed a kobold demonologist
  4826 | D:6      | Noticed mopl's ghost (novice DsSk)
  4889 | D:6      | Reached skill level 6 in Fighting
  5025 | D:6      | Found a sacrificial altar of Ru.
  5096 | D:6      | Reached XP level 8. HP: 20/71 MP: 9/9
  5466 | D:6      | Reached skill level 7 in Fighting
  5728 | D:7      | Noticed Duvessa
  5733 | D:7      | Noticed Dowan
  5748 | D:7      | Reached skill level 5 in Armour
  5758 | D:7      | Killed Duvessa
  5768 | D:7      | Killed Dowan
  5916 | D:7      | Reached skill level 5 in Shields
  5972 | D:7      | Reached skill level 8 in Fighting
  6023 | D:7      | Reached XP level 9. HP: 57/81 MP: 10/10
  6453 | D:7      | Found a glowing golden altar of the Shining One.
  6596 | D:7      | Reached skill level 9 in Fighting
  7482 | D:8      | Found a glowing silver altar of Zin.
  7482 | D:8      | Noticed an angel
  7678 | D:7      | Became a worshipper of the Shining One
  8026 | D:9      | Noticed a two-headed ogre
  8032 | D:9      | Killed a two-headed ogre
  8032 | D:9      | Reached skill level 10 in Fighting
  8032 | D:9      | Reached XP level 10. HP: 93/93 MP: 11/11
  8116 | D:9      | Reached skill level 10 in Axes
  8458 | D:9      | Found a sparkling altar of Nemelex Xobeh.
  8809 | D:9      | Found a burning altar of Makhleb.
  8955 | D:9      | Found a staircase to the Lair.
  9419 | D:9      | Found a shimmering altar of Xom.
  9479 | D:9      | Reached * piety under the Shining One
  9595 | D:9      | Found a radiant altar of Vehumet.
  9598 | D:9      | Found a white marble altar of Elyvilon.
  9602 | D:9      | Reached skill level 11 in Fighting
  9668 | D:10     | Entered Level 10 of the Dungeon
 10248 | D:10     | You fall into a shaft and drop 3 floors!
 10321 | D:13     | Noticed a two-headed ogre
 10333 | D:13     | Killed a two-headed ogre
 10333 | D:13     | Reached XP level 11. HP: 87/103 MP: 12/12
 10376 | D:13     | Reached ** piety under the Shining One
 10389 | D:13     | Found a blossoming altar of Fedhas.
 10470 | D:13     | Noticed a deep elf mage
 10486 | D:13     | Noticed a necromancer
 10495 | D:13     | Killed a necromancer
 10495 | D:13     | Reached skill level 12 in Fighting
 10502 | D:13     | Killed from afar by a deep elf mage

Levels and vault maps discovered:
D:1:      ebering_trefoil_3fold, layout_basic, minmay_indecisive_spiral
D:2:      layout_basic, grunt_qazlal_clouds
D:3:      layout_rooms, ebering_ghost_reflecting_pool, serial_corexii_hall,
          chequers_hall_statues_wall_a, corexii_hall_statues_deadend
D:4:      layout_gridville, serial_shops, nicolae_shop_stone, shop, shop,
          first_ration, gammafunk_ghost_nasty_kobolds, abandoned_shop
D:5:      layout_rooms, nicolae_overflow_crystal_walls, serial_shops,
          shop_fountains, grunt_decor_mini_mirrors
D:6:      minmay_bubble_buster, layout_basic, grunt_dithmenos_smoke_and_mirrors,
          nicolae_ru_the_path_less_chosen, minmay_temple_entry_wispy,
          gammafunk_ghost_nasty_kobolds, hangedman_decor_push
D:7:      layout_loops_ring, nicolae_overflow_hidden_temple, grunt_livestock,
          kennysheep_generic_room_6, uniq_duvessa
D:8:      layout_cave_pods, zin_angel
D:9:      layout_basic, lemuel_coloured_pillars_altar, lemuel_doored_altar,
          minitemple, grunt_lair_entry_orc_guard_hut, nemelex_dance_club_becter
D:10:     layout_gridville, erik_orc_2, serial_undead, serial_undead_b,
          serial_undead_b, serial_undead_c, serial_undead_b, serial_undead_e,
          serial_undead_b, uniq_snorg
D:13:     layout_basic, grunt_vaults_entry_tiered, gammafunk_ghost_necromancy,
          fedhas_altar_3
Temple:   minmay_temple_bridge_abc

Skill      XL: |  1  2  3  4  5  6  7  8  9 10 11 |
---------------+----------------------------------+-----
Summonings     | 3 |  3.1
Fighting       | 1 2 3 4 5 6 8 10 11 12 | 12.0
Armour         | 1 2 3 4 5 6 8 |  8.5
Axes           | 1 2 3 4 6 7 9 11 | 11.8
Shields        | 1 2 3 5 6 8 |  8.3
Dodging        | |  2.2
Stealth        | |  1.5
Spellcasting   | |  1.4

Action                   |  1- 3 |  4- 6 |  7- 9 | 10-12 || total
-------------------------+-------+-------+-------+-------++-------
Melee: Short sword       |    25 |       |       |       ||    25
       Unarmed           |     8 |       |       |       ||     8
       Hand axe          |    92 |   128 |   362 |       ||   582
       Headbutt          |    13 |    21 |    65 |    46 ||   145
       War axe           |       |       |    27 |   314 ||   341
Throw: Stone             |       |       |     2 |       ||     2
       Dart              |       |       |     2 |     1 ||     3
 Cast: Summon Small Mamm |     1 |       |       |       ||     1
Evoke: Wand              |       |     5 |     4 |     8 ||    17
  Use: Scroll            |       |     8 |     5 |     7 ||    20
       Potion            |       |       |     3 |     3 ||     6
 Stab: Sleeping          |     1 |       |       |       ||     1
  Eat: Chunk             |     2 |     7 |    14 |    10 ||    33
Armor: Ring mail         |    60 |    50 |     7 |       ||   117
       Chain mail        |       |       |   204 |    33 ||   237
       Plate armour      |       |       |       |   116 ||   116
       Skin              |       |       |       |    40 ||    40
Dodge: Dodged            |    70 |    55 |    91 |    45 ||   261
Block: Kite shield       |    33 |    45 |   201 |    83 ||   362
       Tower shield      |       |       |       |   165 ||   165

Table legend:
 A = Non-vault XP
 B = Vault XP
 C = Vault XP percentage of total XP
 D = Non-vault monster count
 E = Vault monster count
 F = Vault count percentage of total count
                 A         B        C        D         E       F
            +---------+---------+-------+---------+---------+-------
      Total |    9424 |    3987 |  29.7 |     200 |      35 |  14.9
            +---------+---------+-------+---------+---------+-------
        D:1 |      51 |       8 |  13.6 |      27 |       4 |  12.9
        D:2 |     163 |       0 |   0.0 |      20 |       0 |   0.0
        D:3 |      48 |       0 |   0.0 |      19 |       0 |   0.0
        D:4 |     228 |       0 |   0.0 |      13 |       0 |   0.0
        D:5 |     318 |       0 |   0.0 |       4 |       0 |   0.0
        D:6 |     828 |     325 |  28.2 |      24 |       5 |  17.2
        D:7 |    1007 |    1393 |  58.0 |      23 |      10 |  30.3
        D:8 |     500 |       0 |   0.0 |      13 |       0 |   0.0
        D:9 |    3018 |     687 |  18.5 |      42 |       7 |  14.3
       D:10 |     971 |     226 |  18.9 |       5 |       4 |  44.4
       D:13 |    2292 |    1348 |  37.0 |      10 |       5 |  33.3
            +---------+---------+-------+---------+---------+-------
